[Event "*** Titled Tuesday Blitz"]
[Site "Chess.com"]
[Date "2020.05.05"]
[Round "3"]
[White "Artem_Sadovsky"]
[Black "Saloni1299"]
[Result "1-0"]
[WhiteElo "2544"]
[BlackElo "2344"]
[TimeControl "180+1"]
[EndTime "10:29:28 PDT"]
[Termination "Artem_Sadovsky won by resignation"]

1. Nf3 d5 2. c4 Nf6 3. g3 c6 4. b3 g6 5. Bb2 Bg7 6. Bg2 O-O 7.
O-O Re8 8. d3 Nbd7 9. Nbd2 e5 10. Qc2 a5 11. cxd5 cxd5 12. e4 d4 13. Nc4 b5 14.
Nd6 Re6 15. Nxb5 Rb6 16. Nc7 Ra7 17. Rac1 Bf8 18. Ne6 Rxe6 19. Qxc8 Qb6 20. Ng5 Re8 21. Qc4 Nc5 22. Ba3 Rc8 23. Bh3 Rc6 24. Nxf7 Rxf7 25. f4 Qc7 26. Rc2 Kg7 27. Rcf2 Bd6 28. fxe5 Bxe5 29. Rc2 Rf8 30. Bxc5 Rc8 31. Bxc8 Qxc8 32. Bf8+ Kxf8 33. Qxc6 Qxc6 34. Rxc6 Kg7 35. Rfxf6 Bxf6 36. Rxf6 Kxf6 37. Kf2 Ke5 38. Kf3 h5 39. a3 g5 40.
h3 Ke6 41. Ke2 Kd6 42. Kd2 Kc5 43. Kc2 Kc6 44. Kb2 Kc5 45. a4 Kb4 46. Kc2 Kc5 47.
Kc1 Kb4 48. Kb2 Kc5 49. Ka3 Kd6 50. b4 g4 51. hxg4 axb4+ 52. Kxb4 hxg4 53. Kc4 1-0

[Event "*** Titled Tuesday Blitz"]
[Site "Chess.com"]
[Date "2020.05.05"]
[Round "3"]
[White "LPSupi"]
[Black "DrVelja"]
[Result "1-0"]
[WhiteElo "2913"]
[BlackElo "2638"]
[TimeControl "180+1"]
[EndTime "10:29:29 PDT"]
[Termination "LPSupi won by resignation"]

1. d4 Nf6 2. c4 g6 3. g3 Bg7 4. Bg2 O-O 5. Nc3 d6 6. Nf3 c6 7. O-O Bf5 8. Ng5 e5 9. d5 cxd5 10.
Nxd5 Nxd5 11. Bxd5 Nc6 12. Bg2 Qd7 13. Ne4 Rad8 14. Bg5 f6 15. Be3 Bh3 16. Bxh3 Qxh3 17. Qd5+ Kh8 18. Nxd6 Ne7 19. Qxb7 Rd7 20. Qa6 f5 21.
Bg5 Ng8 22. c5 f4 23. Rad1 h6 24. c6 Rc7 25. Bd8 Rxd8 26. Nf7+ Rxf7 27. Rxd8 e4 28. Qc8 Rf5 29. Rxg8+ Kh7 30. Rxg7+ Kxg7 31. Qd7+ Kf6 32.
Qd8+ Kg7 33. Rd1 f3 34. exf3 exf3 35. Rd7+ Rf7 36. Rxf7+ Kxf7 37. Qd7+ Qxd7 38. cxd7 Ke7 39. Kf1 Kxd7 40. Ke1 Ke6 41. Kd2 Kf5 42. Ke3 Kg4 43.
b4 g5 44. a4 h5 45. b5 Kh3 46.
a5 Kxh2 47. b6 1-0

[Event "*** Titled Tuesday Blitz"]
[Site "Chess.com"]
[Date "2020.05.05"]
[Round "3"]
[White "Angry_Twin"]
[Black "DamianoLew95"]
[Result "1/2-1/2"]
[WhiteElo "2839"]
[BlackElo "2568"]
[TimeControl "180+1"]
[EndTime "10:29:29 PDT"]
[Termination "Game drawn by repetition"]

1. e4 c5 2. Nf3 d6 3. d4 cxd4 4.
Nxd4 Nf6 5. Nc3 Nc6 6. Bg5 e6 7. Qd2 a6 8. O-O-O Bd7 9. f3 Be7 10. Kb1 Rc8 11. Be3 h5 12. h4 b5 13. Nxc6 Bxc6 14.
Ne2 e5 15. Bg5 Qb6 16. Ng3 Bd7 17. Bd3 Be6 18. Rhf1 a5 19. f4 exf4 20. Qxf4 a4 21. Nf5 Bxf5 22. exf5 O-O 23. Qf3 a3 24. Rfe1 Rc7 25.
Re2 Rfc8 26. Rde1 Qd4 27. c3 Rxc3 28. bxc3 Rxc3 29. Rd2 Qb4+ 30. Ka1 Qd4 31. Kb1 Qb4+ 32. Ka1 Qd4 33. Kb1 1/2-1/2

[Event "*** Titled Tuesday Blitz"]
[Site "Chess.com"]
[Date "2020.05.05"]
[Round "3"]
[White "AlanZhang"]
[Black "ajian"]
[Result "0-1"]
[WhiteElo "2176"]
[BlackElo "2394"]
[TimeControl "180+1"]
[EndTime "10:29:29 PDT"]
[Termination "ajian won on time"]

1. e4 c5 2. Nf3 Nc6 3. d4 cxd4 4. Nxd4 Nf6 5. Nc3 e5 6. Ndb5 d6 7. Bg5 a6 8. Na3 b5 9. Nd5 Be7 10. Bxf6 Bxf6 11. c4 b4 12. Nc2 a5 13. b3 Bg5 14. h4 Bh6 15. Qh5 Be6 16. g4 Bf4 17. g5 a4 18. Rb1 axb3 19. axb3 Ra2 20. Bd3 Qd7 21. Qf3 Bg4 22. Qg2 O-O 23. Nce3 Be6 24. Nxf4 exf4 25. Nd5 Bxd5 26. exd5 Ne5 27. Be4 Re8 28. O-O g6 29. Rfe1 Kg7 30. Bf3 Raa8 31. Be4 Re7 32. c5 Rae8 33. c6 Qc7 0-1

[Event "*** Titled Tuesday Blitz"]
[Site "Chess.com"]
[Date "2020.05.05"]
[Round "3"]
[White "fabianvivasz"]
[Black "IljaJoke"]
[Result "0-1"]
[WhiteElo "2356"]
[BlackElo "2566"]
[TimeControl "180+1"]
[EndTime "10:29:30 PDT"]
[Termination "IljaJoke won on time"]

1. e4 e5 2. Nf3 Nc6 3. d4 exd4 4.
Nxd4 Nf6 5. Nxc6 bxc6 6. e5 Qe7 7. Qe2 Nd5 8. h4 a5 9. c4 Nb6 10. Nc3 Qe6 11. g3 Bb4 12. Bd2 Ba6 13. b3 O-O 14.
Bh3 Qe7 15. O-O d5 16. Bg5 Qe8 17. Qg4 Bxc3 18. Bf6 g6 19. Qg5 Bxe5 20. Bxe5 f6 21. Bxf6 Qf7 22. Bb2 Rae8 23. f4 Bc8 24. Bxc8 Nxc8 25.
Rae1 Nd6 26. h5 Ne4 27. Qg4 Qf5 28. Qh4 Qxh5 29. Qxh5 gxh5 30. Kg2 Kf7 31. Be5 Rg8 32. Rf3 Ke6 33. cxd5+ cxd5 34. Rc1 c5 35. Bc7 Kf5 36.
Rh1 Nf6 37. Be5 d4 38. Bxf6 Kxf6 39. Rxh5 Re2+ 40. Rf2 Rge8 41. Rxc5 d3 42. Rd5 R8e3 43. Rxe2 dxe2 0-1

[Event "*** Titled Tuesday Blitz"]
[Site "Chess.com"]
[Date "2020.05.05"]
[Round "3"]
[White "SHIVACalypso"]
[Black "LuckSlayeer"]
[Result "0-1"]
[WhiteElo "2280"]
[BlackElo "2516"]
[TimeControl "180+1"]
[EndTime "10:29:30 PDT"]
[Termination "LuckSlayeer won on time"]

1. Nf3 Nf6 2. c4 c5 3. g3 Nc6 4. Bg2 d6 5. O-O g6 6. Nc3 Bg7 7. d3 O-O 8. a3 Ne8 9. Rb1 a5 10. Ne1 Nc7 11. Nc2 Ne6 12. Bd2 Ned4 13. e3 Nxc2 14.
Qxc2 Bf5 15. h3 Ne5 16. e4 Bd7 17. b4 axb4 18. axb4 cxb4 19. Rxb4 Nc6 20. Rxb7 Qc8 21. Rbb1 Bxh3 22. Nd5 Ra7 23. Be3 Bd4 24. Bxd4 Nxd4 25.
Qb2 e5 26. Qb6 Bxg2 27. Kxg2 Ra6 28. Qb7 Qxb7 29. Rxb7 Kg7 30. Rd7 Ra3 31. Rxd6 Rxd3 32. Nc7 Rc3 0-1

[Event "*** Titled Tuesday Blitz"]
[Site "Chess.com"]
[Date "2020.05.05"]
[Round "3"]
[White "FMJoseHerrera"]
[Black "Diego_FloresQ"]
[Result "0-1"]
[WhiteElo "2584"]
[BlackElo "2405"]
[TimeControl "180+1"]
[EndTime "10:29:31 PDT"]
[Termination "Diego_FloresQ won on time"]

1. Nf3 c5 2. g3 Nc6 3. Bg2 g6 4.
d3 Bg7 5. Nc3 d6 6. h4 Nf6 7. h5 Nxh5 8. Bg5 Nf6 9. Bh6 Bxh6 10.
Rxh6 Bg4 11. Qd2 Bxf3 12. Bxf3 Qd7 13. O-O-O Ne5 14. Bg2 Neg4 15. Rh4 Qc7 16. f3 Ne5 17. f4 Nc6 18. e4 O-O-O 19. Kb1 Nd4 20. Rhh1 Kb8 21.
a3 h5 22. Rhe1 e5 23. Rf1 Qe7 24. fxe5 Qxe5 25. Qf4 Ng4 26. Bh3 Ne6 27. Qxf7 Ng5 28. Qxg6 Nxh3 29. Rf5 Qe8 30. Qg7 Rd7 31. Qxh8 Qxh8 32.
Rdf1 Rd8 33. Rf7 Ne5 34. Re7 Re8 35. Rxe8+ Qxe8 36. Nd5 Ng5 37. Rf5 Ne6 38. c3 Nxd3 39. Rf6 Ne5 40. Ka2 a6 41. Rh6 Ka7 42. a4 Qxa4+ 43.
Kb1 Qd1+ 44. Ka2 Nc4 45. Rxe6 Qc2 0-1

[Event "*** Titled Tuesday Blitz"]
[Site "Chess.com"]
[Date "2020.05.05"]
[Round "3"]
[White "TheoSlade"]
[Black "Margarita2907"]
[Result "0-1"]
[WhiteElo "2261"]
[BlackElo "1981"]
[TimeControl "180+1"]
[EndTime "10:29:31 PDT"]
[Termination "Margarita2907 won on time"]

1. d4 Nf6 2. c4 e6 3. g3 d5 4.
Bg2 Be7 5. Nf3 O-O 6. O-O c6 7. Qc2 b6 8. b3 Bb7 9. Nbd2 Na6 10. e4 Rc8 11. e5 Nd7 12. Rd1 c5 13. Bb2 cxd4 14.
Nxd4 Nxe5 15. Nxe6 fxe6 16. Bxe5 Bc5 17. Nf3 Qe7 18. Qe2 dxc4 19. bxc4 Qf7 20. Nd4 Bxg2 21. Kxg2 Nb4 22. Re1 Nc6 23. Rad1 Nxe5 24. Qxe5 Qxf2+ 25. Kh1 Bxd4 26. Qxd4 Qf3+ 27. Kg1 Qf6 28. Qxf6 Rxf6 29. Rd7 Rxc4 30. Rxa7 Rc2 31. Ra8+ Kf7 32. Ra7+ Kg6 0-1

[Event "*** Titled Tuesday Blitz"]
[Site "Chess.com"]
[Date "2020.05.05"]
[Round "3"]
[White "vanea_03"]
[Black "SiddharthGMJagadeesh"]
[Result "1-0"]
[WhiteElo "2633"]
[BlackElo "2403"]
[TimeControl "180+1"]
[EndTime "10:29:32 PDT"]
[Termination "vanea_03 won by resignation"]

1. Nf3 d5 2. c4 e6 3. g3 Nf6 4. Bg2 dxc4 5. Qa4+ c6 6. Qxc4 b5 7. Qb3 Bb7 8. O-O Nbd7 9. d4 a6 10. Ne5 Nxe5 11. dxe5 Nd5 12. Rd1 Qc7 13. Nc3 Be7 14.
a4 Nxc3 15. Qxc3 O-O 16. Be3 Rfc8 17. Bc5 Bxc5 18. Qxc5 Rd8 19. Rd6 Rd7 20. Rad1 Rad8 21. axb5 axb5 22. b4 h6 23. Be4 g6 24. h4 h5 25. Kg2 Kg7 26. Kf3 Ba8 27. Kg2 Bb7 28.
f3 Ba8 29. g4 hxg4 30. fxg4 Bb7 31. Kf3 Ba8 32. h5 g5 33. h6+ Kh8 34. Qe3 Rxd6 35.
exd6 Rxd6 36. Qxg5 f5 37. Qf6+ Kg8 38. Rxd6 fxe4+ 39.
Kg2 c5 40. Rd8+ Kh7 1-0

[Event "*** Titled Tuesday Blitz"]
[Site "Chess.com"]
[Date "2020.05.05"]
[Round "3"]
[White "AttilaTurzo"]
[Black "ChessBitl"]
[Result "0-1"]
[WhiteElo "2505"]
[BlackElo "2301"]
[TimeControl "180+1"]
[EndTime "10:29:32 PDT"]
[Termination "ChessBitl won by checkmate"]

1. e4 c5 2. Nf3 Nc6 3. d4 cxd4 4. Nxd4 g6 5. c4 Nf6 6. Nc3 d6 7. Be2 Nxd4 8. Qxd4 Bg7 9. O-O O-O 10. Qd3 Be6 11.
Bd2 Nd7 12. b3 a6 13. Rab1 Rc8 14. Kh1 f5 15. exf5 Bxf5 16. Qd5+ e6 17. Qxb7 Bxb1 18. Nxb1 Nc5 19. Qb4 a5 20. Qxa5 Qh4 21. g3 Qe4+ 22. Kg1 Qxe2 23. Be3 Qc2 24. Rc1 Qe4 25. Nd2 Qd3 26. Nf1 Ne4 27. Qe1 Bc3 28. Qd1 Qxd1 29. Rxd1 Rfd8 30. f3 Nc5 31. Rc1 Bf6 32. b4 Na4 33.
Nd2 Kf7 34. Ne4 d5 35. Nxf6 Kxf6 36. c5 d4 37. Bd2 Nc3 38. Bxc3 dxc3 39. Rxc3 Rd2 40.
b5 Rd5 41. a4 Rdxc5 42. Rb3 Rc2 43. b6 Ra2 44. Rb4 Rc1# 0-1

[Event "*** Titled Tuesday Blitz"]
[Site "Chess.com"]
[Date "2020.05.05"]
[Round "3"]
[White "Maksimus1998"]
[Black "DinaBelenkaya"]
[Result "1-0"]
[WhiteElo "2474"]
[BlackElo "2131"]
[TimeControl "180+1"]
[EndTime "10:29:32 PDT"]
[Termination "Maksimus1998 won on time"]

1. c4 e5 2. d3 Nc6 3. Nf3 Nf6 4. a3 a5 5. e3 g6 6. d4 d6 7. dxe5 dxe5 8. Qxd8+ Kxd8 9. b3 Bg7 10. Bb2 Nd7 11. Nc3 Ne7 12. O-O-O c6 13. Ng5 Ke8 14. Be2 Nc5 15. Kc2 Bf5+ 16. e4 Be6 17. b4 axb4 18. axb4 Na6 19. Nxe6 fxe6 20. Kb3 Rd8 21. c5 Nc7 22.
Rxd8+ Kxd8 23. Rd1+ Kc8 24. Na4 Nb5 25. Nb6+ Kb8 26.
Bxb5 cxb5 27. Bxe5+ Bxe5 28. Nd7+ Kc8 29. Nxe5 Rf8 30.
f3 Rf6 31. Rd6 g5 32. h3 Ng6 33. Nxg6 Rxg6 34. Rb6 Kc7 35. Rxb5 e5 36. Ra5 h5 37.
Ra8 g4 38. fxg4 hxg4 39. h4 g3 40. Kc4 Rg4 41. Kd5 Rxh4 42. Rg8 Rh1 43. Rg7+ Kc8 44. Rxg3 Rb1 45. Kd6 1-0

[Event "*** Titled Tuesday Blitz"]
[Site "Chess.com"]
[Date "2020.05.05"]
[Round "3"]
[White "SmirnovAlexandrA"]
[Black "Gromes7"]
[Result "1/2-1/2"]
[WhiteElo "2316"]
[BlackElo "2109"]
[TimeControl "180+1"]
[EndTime "10:29:32 PDT"]
[Termination "Game drawn by repetition"]

1. e4 c5 2. Nf3 a6 3. b3 d6 4. Bb2 e5 5. Bc4 Be7 6. O-O b5 7. Bd5 Ra7 8. a4 Qc7 9. c3 Nf6 10. d4 Nxd5 11. exd5 exd4 12. axb5 axb5 13. Rxa7 Qxa7 14. cxd4 O-O 15. dxc5 Qxc5 16. Qd3 Nd7 17. Nbd2 Bb7 18. Re1 Bf6 19. Ne4 Qxd5 20. Nxf6+ Nxf6 21. Qc3 Re8 22. Rc1 h6 23. Qb4 Qf5 24. Qxd6 Bxf3 25.
gxf3 Qxf3 26. Bxf6 Qxf6 27. Qxf6 gxf6 28. Rc5 Re5 29.
Rc8+ Kg7 30. Rb8 Rc5 31. Kg2 f5 32. b4 Rd5 33. Kg3 Kf6 34. Rb6+ Kg5 35. h4+ Kh5 36. f3 f4+ 37. Kh3 f5 38. Rf6 Re5 39. Kg2 Rd5 40. Kh3 Re5 41. Kg2 Re2+ 42. Kh3 Re5 1/2-1/2

[Event "*** Titled Tuesday Blitz"]
[Site "Chess.com"]
[Date "2020.05.05"]
[Round "3"]
[White "nurgyulsalimova"]
[Black "WIDBIFS"]
[Result "0-1"]
[WhiteElo "2581"]
[BlackElo "2788"]
[TimeControl "180+1"]
[EndTime "10:29:33 PDT"]
[Termination "WIDBIFS won by resignation"]

1. d4 Nf6 2. c4 g6 3. Nc3 Bg7 4. e4 O-O 5. Nf3 d6 6. h3 c5 7. d5 a6 8. a4 e6 9. Bd3 exd5 10.
exd5 Re8+ 11. Be3 Rxe3+ 12. fxe3 Qe7 13. e4 Nbd7 14. O-O Nh5 15. Qd2 Ne5 16. Nxe5 Bxe5 17.
Ne2 Bd7 18. Rf3 Be8 19. a5 Rb8 20. Raf1 b6 21. axb6 Rxb6 22. Nc3 Kg7 23. Nd1 Nf6 24. Qe2 Bd4+ 25. Kh2 Nd7 26. g3 Ne5 27. Rf4 Qb7 28.
h4 h5 29. Kg2 Bxb2 30. Qc2 Bd4 31. Kh3 a5 32. Re1 a4 33. Rff1 a3 34. Ne3 Rb2 35. Qd1 Bxe3 36. Rxe3 Bd7+ 0-1

[Event "*** Titled Tuesday Blitz"]
[Site "Chess.com"]
[Date "2020.05.05"]
[Round "3"]
[White "Xeslu"]
[Black "Astaneh"]
[Result "1-0"]
[WhiteElo "2373"]
[BlackElo "2536"]
[TimeControl "180+1"]
[EndTime "10:29:33 PDT"]
[Termination "Xeslu won by checkmate"]

1. e4 e5 2. Nf3 Nc6 3. Bb5 Nf6 4. d3 Bc5 5. c3 O-O 6. O-O d6 7. h3 Bd7 8. Nbd2 Ne7 9. Bc4 a5 10.
d4 exd4 11. cxd4 Bb6 12. Qc2 d5 13. exd5 Bf5 14. Bd3 Bxd3 15. Qxd3 Qxd5 16. Nc4 Ba7 17. Bg5 Rad8 18. Bxf6 gxf6 19. Ne3 Qh5 20. Qe4 Nd5 21.
Rad1 Rfe8 22. Nxd5 Qxd5 23. Qg4+ Kh8 24. b3 Re4 25.
Qg3 Rg8 26. Qxc7 Bb8 27. Qb6 Qf5 28. Kh1 Rf4 29. Nh2 Qg6 30. g4 h5 31. f3 hxg4 32.
fxg4 Qh6 33. Rd3 f5 34. Qxh6# 1-0

[Event "*** Titled Tuesday Blitz"]
[Site "Chess.com"]
[Date "2020.05.05"]
[Round "3"]
[White "CroissantNeuf"]
[Black "ChessTraining77"]
[Result "1-0"]
[WhiteElo "2365"]
[BlackElo "2525"]
[TimeControl "180+1"]
[EndTime "10:29:33 PDT"]
[Termination "CroissantNeuf won by resignation"]

1. Nf3 Nf6 2. g3 d5 3. Bg2 c6 4. O-O Bf5 5. c4 e6 6. Qb3 Qb6 7. d3 Nbd7 8. cxd5 exd5 9. Qc2 Be7 10. Nc3 h6 11. e4 dxe4 12. dxe4 Bh7 13. h3 O-O 14.
Be3 Qa5 15. a3 Rfe8 16. b4 Qc7 17. Bf4 Bd6 18. Bxd6 Qxd6 19. Rad1 Qe7 20. Rfe1 Rad8 21. Qb3 Nb6 22. Rxd8 Rxd8 23. e5 Nfd5 24. Ne4 Bxe4 25.
Rxe4 c5 26. bxc5 Qxc5 27. e6 fxe6 28. Rxe6 Qc4 29. Qb1 Nf6 30. Re7 Qc5 31. Rxb7 Re8 32. Qg6 Nbd7 33. Rxd7 Nxd7 34. Qxe8+ Nf8 35. h4 Qxa3 36.
Ne5 Qb3 37. Qd8 Qb1+ 38. Kh2 1-0

[Event "*** Titled Tuesday Blitz"]
[Site "Chess.com"]
[Date "2020.05.05"]
[Round "3"]
[White "Semen16"]
[Black "Nellichka"]
[Result "1-0"]
[WhiteElo "2318"]
[BlackElo "2073"]
[TimeControl "180+1"]
[EndTime "10:29:33 PDT"]
[Termination "Semen16 won on time"]

1. e4 e6 2. Nf3 d5 3. Nc3 d4 4.
Ne2 c5 5. c3 Nc6 6. cxd4 cxd4 7. Qa4 Bc5 8. b4 Bb6 9. b5 Na5 10. Nexd4 Nf6 11. d3 e5 12. Nc2 Ng4 13. Be3 Be6 14.
Be2 O-O 15. O-O Qd6 16. h3 Nxe3 17. Nxe3 a6 18. Rfc1 axb5 19. Qxb5 Rfc8 20. Rxc8+ Rxc8 21. Rb1 Bxa2 22. Qxb6 Rc6 23. Qxa5 Bxb1 24. Qa8+ Qf8 25. Qxb7 Rc1+ 26. Kh2 g6 27. Nd5 Kg7 28. Qb2 Qc5 29. Qxe5+ Kg8 30. d4 Qc2 31. Nf6+ Kf8 32. Nd7+ Kg8 33.
Bb5 Qc8 34. Nf6+ 1-0

[Event "*** Titled Tuesday Blitz"]
[Site "Chess.com"]
[Date "2020.05.05"]
[Round "3"]
[White "warmoatmeal"]
[Black "Caterpiller35"]
[Result "0-1"]
[WhiteElo "2026"]
[BlackElo "2301"]
[TimeControl "180+1"]
[EndTime "10:29:33 PDT"]
[Termination "Caterpiller35 won by resignation"]

1. Nf3 Nf6 2. b3 d6 3. Bb2 g6 4. e3 Bg7 5. c4 O-O 6. Nc3 Nbd7 7.
d4 Re8 8. Be2 e5 9. Qc2 exd4 10.
exd4 c5 11. O-O-O Qa5 12. Kb1 cxd4 13. Nxd4 Nc5 14. Ka1 Nfe4 15. Bf3 Ng5 16. Bd5 Bxd4 17. Rxd4 Bf5 18. Qd1 Nge6 19. Rd2 Nf4 20. g3 Nfd3 21. g4 Bxg4 22. f3 Bf5 23. Ne4 Bxe4 24. fxe4 Nxb3+ 25. Qxb3 Qxd2 26. Rd1 Qxb2+ 27. Qxb2 Nxb2 28.
Kxb2 Rab8 29. Kc3 b5 30. Bc6 Rec8 31. cxb5 Rxb5 32. Rxd6 Rc5+ 33. Kd4 R5xc6 34. Kd5 Rxd6+ 35. Kxd6 Re8 0-1

[Event "*** Titled Tuesday Blitz"]
[Site "Chess.com"]
[Date "2020.05.05"]
[Round "3"]
[White "tamarozi99"]
[Black "AndriiTop"]
[Result "0-1"]
[WhiteElo "2002"]
[BlackElo "2295"]
[TimeControl "180+1"]
[EndTime "10:29:33 PDT"]
[Termination "AndriiTop won by resignation"]

1. e4 c6 2. d4 d5 3. e5 c5 4. dxc5 Nc6 5. f4 e6 6. Nf3 Bxc5 7. Nc3 Nge7 8. Bb5 Qb6 9. Bxc6+ bxc6 10. Qe2 Ba6 11.
Qd2 Nf5 12. Na4 Bb4 13. Nxb6 Bxd2+ 14. Bxd2 axb6 15. c3 c5 16. a4 h5 17. b3 Bd3 18.
Kf2 Be4 19. Ng5 Bc2 20. Ra3 Ke7 21. Rha1 f6 22. Nf3 h4 23. a5 bxa5 24. Rxa5 Rxa5 25. Rxa5 Rc8 26. b4 cxb4 27. cxb4 Be4 28. Ra7+ Kf8 29. exf6 gxf6 30. Ra6 Kf7 31. Ra7+ Kg6 32. Ra6 Rc2 33. Ke1 h3 34. gxh3 Bxf3 35. Rxe6 Nd4 36. Re8 Be4 37.
h4 Nf3+ 38. Ke2 Rxd2+ 39. Kf1 Nxh2+ 40. Ke1 Nf3+ 41. Kf1 Bd3+ 0-1

[Event "*** Titled Tuesday Blitz"]
[Site "Chess.com"]
[Date "2020.05.05"]
[Round "3"]
[White "Guenplen"]
[Black "Saxar85"]
[Result "1-0"]
[WhiteElo "2944"]
[BlackElo "2650"]
[TimeControl "180+1"]
[EndTime "10:29:34 PDT"]
[Termination "Guenplen won on time"]

1. d4 d6 2. Nf3 Nf6 3. Bf4 g6 4.
h3 Bg7 5. e3 O-O 6. Be2 Nbd7 7.
Bh2 c6 8. O-O Qe8 9. c4 e5 10.
Nc3 Qe7 11. Re1 Re8 12. Rc1 e4 13. Nd2 Nf8 14. b4 h5 15. c5 d5 16. b5 Bd7 17.
bxc6 bxc6 18. Rb1 Ne6 19. Bd6 Qd8 20. Rb7 Bc8 21. Rb2 Ng5 22. Bf1 Nfh7 23. Qa4 Bd7 24. Rb7 Nxh3+ 25. gxh3 Ng5 26. Kh2 Bxh3 27. Bxh3 Nxh3 28.
Bg3 h4 29. Qxc6 hxg3+ 30. fxg3 Ng5 31. Qxd5 Qc8 32. Qd7 Qxd7 33. Rxd7 Rab8 34. Rb1 Rxb1 35. Ncxb1 Rb8 36. c6 Ne6 37. d5 Nc5 38. Rxa7 Be5 39.
Nc4 Rxb1 40. Nxe5 Rb2+ 41. Kh3 Nd3 42. c7 Nf2+ 43. Kh4 1-0

[Event "*** Titled Tuesday Blitz"]
[Site "Chess.com"]
[Date "2020.05.05"]
[Round "3"]
[White "Agnes66678"]
[Black "BilguunSu"]
[Result "1-0"]
[WhiteElo "2414"]
[BlackElo "2586"]
[TimeControl "180+1"]
[EndTime "10:29:34 PDT"]
[Termination "Agnes66678 won by resignation"]

1. d4 Nf6 2. c4 e6 3. g3 Bb4+ 4. Bd2 Be7 5. Bg2 d5 6. Nf3 O-O 7. O-O c6 8. Qc2 Ne4 9. Bf4 Nd7 10. Nfd2 f5 11. f3 Nxd2 12. Nxd2 Bf6 13. Be3 b6 14.
Bf2 Ba6 15. b3 dxc4 16. Nxc4 c5 17. Rad1 Qe7 18. d5 exd5 19. Rxd5 Ne5 20. Rfd1 Rae8 21. Nxe5 Bxe5 22. e4 fxe4 23. fxe4 Qf6 24. Be3 h6 25.
Rd7 Re7 26. Qd2 Kh7 27. Rxe7 Qxe7 28. Qd7 Qf6 29. Qf5+ Kg8 30. Bh3 Bb5 31. Rd5 Bc7 32. Qxf6 Rxf6 33. e5 Rf3 34. Bf4 Rd3 35. Be6+ Kf8 36.
Rxd3 Bxd3 37. h4 b5 38. Kf2 c4 39. bxc4 bxc4 40. Ke3 Bb6+ 41. Kd2 Ke7 42. Bd5 Bd4 43. e6 Bf1 44. Kc2 Bd3+ 45. Kd2 Bf1 46. Kc2 c3 47. Bc1 Bh3 48. Ba3+ Kf6 49. Kd3 Bf5+ 50. Kxd4 c2 51.
Bb2 Bxe6 52. Bxe6 Kxe6 53. Kd3 Kf5 54. Kxc2 g5 55. hxg5 hxg5 56. Ba3 Kg4 57. Bd6 Kf3 58. Kc3 1-0

[Event "*** Titled Tuesday Blitz"]
[Site "Chess.com"]
[Date "2020.05.05"]
[Round "3"]
[White "Megagigahiper3345"]
[Black "Safar_From_Afar"]
[Result "1/2-1/2"]
[WhiteElo "2511"]
[BlackElo "2291"]
[TimeControl "180+1"]
[EndTime "10:29:34 PDT"]
[Termination "Game drawn by repetition"]

1. d4 Nf6 2. c4 e6 3. Nf3 d5 4. Nc3 Be7 5. Bf4 O-O 6. e3 Nbd7 7. c5 Ne4 8. Bd3 f5 9. Ne2 a5 10. h4 h6 11. h5 c6 12. Ne5 Nxe5 13. Bxe5 Bf6 14.
Bxf6 Qxf6 15. f3 Ng5 16. f4 Ne4 17. Bxe4 fxe4 18. g4 Qd8 19. Qc2 b6 20. O-O-O Ba6 21. Nc3 Bd3 22. Qa4 bxc5 23. dxc5 Qe7 24. Qd4 Rab8 25.
a3 Rb3 26. Rhg1 Rfb8 27. Rd2 Qb7 28. Rgg2 Rxa3 29. Rxd3 Ra1+ 30. Nb1 exd3 31. g5 Qb3 32. gxh6 Rxb1+ 33. Kxb1 Qd1+ 34. Ka2 Qb3+ 35. Kb1 Qd1+ 36. Ka2 Qb3+ 37. Kb1 1/2-1/2

[Event "*** Titled Tuesday Blitz"]
[Site "Chess.com"]
[Date "2020.05.05"]
[Round "3"]
[White "drinbet"]
[Black "BelaKis"]
[Result "1-0"]
[WhiteElo "2311"]
[BlackElo "2045"]
[TimeControl "180+1"]
[EndTime "10:29:34 PDT"]
[Termination "drinbet won by resignation"]

1. e4 e5 2. Nf3 Nc6 3. Bb5 a6 4. Ba4 Nf6 5. O-O Be7 6. Re1 b5 7. Bb3 O-O 8. c3 d5 9. exd5 Nxd5 10. d4 exd4 11. Nxd4 Nxd4 12. Qxd4 Bb7 13. Nd2 c5 14. Qg4 c4 15. Bc2 Nf6 16. Qh3 Re8 17. Nf1 Qd5 18. Be3 Qh5 19. Qxh5 Nxh5 20. a4 Kf8 21.
axb5 axb5 22. Ng3 Nxg3 23. hxg3 h6 24. Bd4 Rxa1 25. Rxa1 Ra8 26. Rxa8+ Bxa8 27. Kf1 Bd6 28. g4 f6 29. f3 Kf7 30. Ke2 Bd5 31. Ke3 Bc6 32.
Be4 Bxe4 33. Kxe4 Ke6 34. f4 g6 35. f5+ gxf5+ 36. gxf5+ Ke7 37. g4 Bg3 38. Be3 Kd6 39.
Bxh6 Kc6 40. Bg7 Bh4 41. Bh6 Kd6 42. Bf4+ Kc6 43. Be3 Kd6 44. Bf4+ Kc6 45. Kf3 Kd5 46. Bc7 Bg5 47. Bf4 Bh4 48. Be3 Be1 49. g5 fxg5 50. Kg4 b4 51. cxb4 Bxb4 52. Bxg5 Bd6 53. Bd2 Ke4 54.
Bc3 Kd3 55. f6 Kc2 56. Kf5 Ba3 57. bxa3 Kxc3 58. f7 Kb2 59. f8=Q c3 60. Qb4+ Kc2 61. a4 1-0

[Event "*** Titled Tuesday Blitz"]
[Site "Chess.com"]
[Date "2020.05.05"]
[Round "3"]
[White "731291"]
[Black "WinningButNotReally"]
[Result "1-0"]
[WhiteElo "2689"]
[BlackElo "2442"]
[TimeControl "180+1"]
[EndTime "10:29:35 PDT"]
[Termination "731291 won by resignation"]

1. d4 Nf6 2. Nf3 g6 3. Nbd2 d5 4. b4 Bg7 5. e3 a5 6. b5 O-O 7. Be2 c6 8. bxc6 Nxc6 9. O-O Ne4 10. Nxe4 dxe4 11. Nd2 e5 12. c3 f5 13. a4 Be6 14. Ba3 Rf7 15. Rb1 Qh4 16. Nc4 exd4 17.
cxd4 f4 18. d5 Rd7 19. Nb6 Rad8 20. Nxd7 Rxd7 21. Bc4 Kh8 22. exf4 Qxf4 23. Qc1 Qxc1 24. Rfxc1 Bxd5 25. Bxd5 Rxd5 26. Rxb7 Nd8 27. Rb8 Bf6 28. g3 Kg7 29. Rc7+ Kh6 30. Bf8+ Kg5 31. Be7 Rd1+ 32.
Kg2 Ne6 33. Rb5+ Kh6 34. Rcb7 Bd4 35. h4 Re1 36. Bg5+ Kh5 37. Be3+ Kg4 38. Bxd4 h6 39. Be3 g5 40. hxg5 Nxg5 41. Bxg5 hxg5 42. Rg7 1-0

[Event "*** Titled Tuesday Blitz"]
[Site "Chess.com"]
[Date "2020.05.05"]
[Round "3"]
[White "thedjoker98"]
[Black "tteshan"]
[Result "1-0"]
[WhiteElo "2486"]
[BlackElo "2214"]
[TimeControl "180+1"]
[EndTime "10:29:35 PDT"]
[Termination "thedjoker98 won by resignation"]

1. d4 Nf6 2. c4 e6 3. Nc3 Bb4 4. g3 Bxc3+ 5. bxc3 O-O 6. Bg2 d6 7. e4 e5 8. Ne2 b6 9. O-O Nc6 10. Ba3 Re8 11. f4 Ba6 12. Qa4 Na5 13. Rad1 Bxc4 14.
dxe5 Bxe2 15. exf6 Bxd1 16. Rxd1 Qxf6 17. e5 dxe5 18.
Bxa8 Rxa8 19. Qe4 Re8 20. fxe5 Qe6 21. Rd5 h6 22. Bc1 Nc6 23. Bf4 Ne7 24. Rd2 g5 25.
Be3 Ng6 26. Kf2 Nxe5 27. Kg2 Ng4 28. Qxe6 Rxe6 29. Rd8+ Kg7 30. Bd4+ f6 31. Rd7+ Kf8 32. Rxc7 Re2+ 33. Kf3 Rxh2 34. Kxg4 Rxa2 35. Bxf6 Rc2 36. Rxa7 b5 37. Bd4 Rd2 38. Rc7 b4 39. Bc5+ Ke8 40.
cxb4 Rd3 41. Rh7 Rc3 42. Rxh6 Rc4+ 43. Kxg5 Rf4 44. gxf4 1-0

[Event "*** Titled Tuesday Blitz"]
[Site "Chess.com"]
[Date "2020.05.05"]
[Round "3"]
[White "DACF2905"]
[Black "MilanovicDan"]
[Result "0-1"]
[WhiteElo "2183"]
[BlackElo "2481"]
[TimeControl "180+1"]
[EndTime "10:29:35 PDT"]
[Termination "MilanovicDan won on time"]

1. c4 c5 2. g3 g6 3. Bg2 Bg7 4. Nc3 Nc6 5. e3 d6 6. Nge2 Nh6 7.
O-O Nf5 8. Nd5 h5 9. d4 cxd4 10. e4 Nh6 11. Rb1 e6 12. Ndf4 a5 13. a3 a4 14. h4 Ng4 15. Bd2 Nge5 16. Nc1 Nxc4 17.
Nfd3 Nxd2 18. Qxd2 O-O 19. f4 Qa5 20. Qc2 Bd7 21.
Ne2 Rac8 22. Rfc1 Ne5 23. Qd1 Nxd3 24. Qxd3 Bb5 25. Qf3 d3 26. Nc3 Bc4 27. g4 hxg4 28.
Qxg4 Qc5+ 29. Kh2 b5 30. Rg1 Qh5 31. Qg3 Bf6 32. Kh3 Kg7 33. Bf3 Qh6 34. h5 Rh8 35. Kg2 Kf8 36. Rh1 g5 37. Qf2 gxf4 38. Qa7 Rg8+ 39.
Kf2 Qg5 40. Rbg1 Qc5+ 41. Qxc5 Rxc5 42. Rxg8+ Kxg8 43. Ke1 Rg5 44. Kd2 Rg3 45. Rf1 Bd4 46. h6 Be3+ 47. Kd1 Kh7 0-1